 Dungeon Crawl Stone Soup version 0.27-a0-287-gd4424db430 (webtiles) character file.

Game seed: 1843572226869261592

297 Lauz the Conjurer (level 6, -2/45 HPs)
             Began as a Draconian Conjurer on Feb 8, 2021.
             Slain by Grinder (4 damage)
             ... on level 3 of the Dungeon on June 28, 2021.
             The game lasted 00:14:08 (4451 turns).

Lauz the Conjurer (Draconian Conjurer)              Turns: 4451, Time: 00:14:09

Health: -2/45      AC:  8    Str:  9    XL:     6   Next: 12%
Magic:  10/10      EV: 12    Int: 20    God:
Gold:   227        SH:  0    Dex: 10    Spells: 8/11 levels left

rFire    . . .     SeeInvis .   d - +0 whip
rCold    . . .     Faith    .   (no shield)
rNeg     . . .     Spirit   .   (armour unavailable)
rPois    .         Reflect  .   (helmet restricted)
rElec    .         Harm     .   l - +0 cloak
rCorr    +         Rampage  .   s - +0 pair of gloves
Will     .....                  (no boots)
Stlth    ++........             (no amulet)
HPRegen  0.15/turn              a - ring of resist corrosion (curse)
MPRegen  0.12/turn              (no ring)

@: no status effects
A: unfitting armour, cold-blooded, AC +6
a: no special abilities


You were on level 3 of the Dungeon.
You visited 1 branch of the dungeon, and saw 7 of its levels.

You collected 227 gold pieces.

Inventory:

Hand Weapons
 d - a +0 whip (weapon)
Armour
 l - a +0 cloak (worn)
 s - a +0 pair of gloves (worn)
Jewellery
 a - a cursed ring of resist corrosion (left hand)
 t - a +6 ring of dexterity {unknown}
 v - an uncursed ring of fire {unknown}
Wands
 h - a wand of flame (17)
Scrolls
 b - 5 scrolls of identify {unknown}
 c - 3 scrolls of enchant weapon {unknown}
 g - a scroll of blinking {unknown}
 j - a scroll of immolation {unknown}
 k - 2 scrolls of remove curse {unknown}
 m - 3 scrolls of fog {unknown}
 p - a scroll of noise {unknown}
 q - 2 scrolls of teleportation {unknown}
 r - a scroll of magic mapping {unknown}
Potions
 e - 2 potions of curing {unknown}
 f - 3 potions of flight {unknown}
 i - a potion of heal wounds {unknown}
 n - a potion of brilliance {unknown}
 o - a potion of mutation {unknown}
 u - 2 potions of might {unknown}
 w - a potion of lignification {unknown}


   Skills:
 + Level 2.0 Dodging
 - Level 1.7 Stealth
 + Level 3.1 Spellcasting
 * Level 6.8 Conjurations


You had 8 spell levels left.
You knew the following spells:

 Your Spells              Type           Power        Failure   Level
a - Magic Dart            Conj           100%         1%          1
b - Searing Ray           Conj           60%          1%          2

Your spell library contained the following spells:

 Spells                   Type           Power        Failure   Level
 Dazzling Flash           Conj/Hex       32%          11%         3
 Fulminant Prism          Conj/Hex       8%           34%         4
 Iskenderun's Mystic Bla  Conj/Tloc      16%          34%         4


Dungeon Overview and Level Annotations

Branches:
Dungeon (7/15)
 Temple: D:4-7

Altars:
Nemelex Xobeh

Shops:
D:5 :   D:6 :

Annotations:
D:3 Grinder
D:4 Duvessa


Innate Abilities, Weirdness & Mutations

Your plain brown scales are hard. (AC +6)
You cannot fit into any form of body armour.
You are cold-blooded and may be slowed by cold attacks.


Message History

Grinder hits you.
* * * LOW HITPOINT WARNING * * *
You writhe in agony.
* * * LOW HITPOINT WARNING * * *
The goblin hits you with a +0 dagger.
* * * LOW HITPOINT WARNING * * *
Grinder gestures at you.
You shrug off the repeated paralysis!
The goblin hits you but does no damage. Grinder hits you but does no damage.
The goblin completely misses you. Grinder hits you but does no damage.
You can move again.
The goblin closely misses you. Grinder gestures at you.
You resist with significant effort. The goblin barely misses you.
Grinder hits you but does no damage.
Unknown command.
The goblin barely misses you. Grinder hits you but does no damage.
The goblin barely misses you. Grinder closely misses you.
The goblin hits you but does no damage. Grinder hits you.
You die...

#............#
#.####<#..##.#### ##
#.##...÷.........
#...###.##.#.#...#.####
#..)...............# #.
###.##.......#.#
#.##...##.#.$.....#
#......##.###5.####
####.........@.#
##.###....g.# #.#
#####...# ##†# .....#
##..# ..)...#
######...#### ........#
............+ ........+
######...####.........#
##.[#


You could see Grinder and a goblin.

Vanquished Creatures
  A hound (D:5)
  A jelly (D:6)
  2 bullfrog skeletons (D:6)
  An iguana (D:6)
  A worker ant (D:5)
  2 adders
  An ufetubus (D:7)
  An adder skeleton (D:4)
  A worm (D:2)
  5 dart slugs
  5 leopard geckos
  5 orcs
  8 giant cockroaches
  13 hobgoblins
  2 jackals (D:1)
  A quokka (D:2)
  A ball python (D:1)
  5 bats
  3 frilled lizards
  15 goblins
  6 kobolds
  A leopard gecko skeleton (D:4)
  A quokka skeleton (D:6)
  6 rats
88 creatures vanquished.

Vanquished Creatures (others)
  3 plants (D:1)
3 creatures vanquished.

Grand Total: 91 creatures vanquished

Notes
Turn   | Place    | Note
-------+----------+-------------------------------------------
     0 | D:1      | Lauz the Draconian Conjurer began the quest for the Orb.
     0 | D:1      | Reached XP level 1. HP: 14/14 MP: 3/3
   403 | D:1      | Reached XP level 2. HP: 20/20 MP: 0/5
  1184 | D:1      | Reached XP level 3. HP: 26/26 MP: 4/6
  2095 | D:2      | Reached skill level 5 in Conjurations
  2108 | D:2      | Learned a level 2 spell: Searing Ray
  2296 | D:2      | Reached XP level 4. HP: 33/33 MP: 3/7
  2981 | D:3      | Noticed Grinder
  3145 | D:3      | You fall into a shaft and drop 3 floors!
  3145 | D:6      | Noticed a black bear
  3360 | D:6      | Reached XP level 5. HP: 38/38 MP: 4/9
  3423 | D:5      | Entered Level 5 of the Dungeon
  3423 | D:5      | Found Mitofy's Book Emporium.
  3428 | D:5      | Reached skill level 6 in Conjurations
  3872 | D:4      | Found a sparkling altar of Nemelex Xobeh.
  3900 | D:4      | Reached XP level 6. HP: 45/45 MP: 5/10
  4238 | D:4      | Noticed Duvessa
  4414 | D:3      | Paralysed by Grinder for 2 turns
  4425 | D:3      | Paralysed by Grinder for 6 turns
  4435 | D:3      | Paralysed by Grinder for 2 turns
  4441 | D:3      | Paralysed by Grinder for 6 turns
  4444 | D:3      | HP: 1/45 [goblin/+0 dagger (4)]
  4451 | D:3      | Slain by Grinder

Illustrated notes

Levels and vault maps discovered:
D:1:      dpeg_arrival_water_fire, layout_basic, serial_forest,
          infiniplex_forest_corner_1, infiniplex_forest_clump_cross,
          infiniplex_forest_straight_3, infiniplex_forest_clump_tiny,
          infiniplex_forest_clump_tiny, infiniplex_forest_lined_1,
          infiniplex_forest_lined_corner
D:2:      layout_basic
D:3:      layout_loops_corners, marbit_many_paths, uniq_grinder
D:4:      minmay_goblin_kobold_castle, layout_basic, good_gods_mini_temple,
          nemelex_xobeh_ov_fountains_minmay, uniq_pikel,
          uniq_crazy_yiuf_cottage, uniq_duvessa
D:5:      layout_rooms, general_overflow_altar, serial_shops, shop
D:6:      layout_gridville, minmay_temple_entry_statues, st_stairs_10,
          uniq_prince_ribbit1, uniq_maggie, uniq_edmund, uniq_menkaure,
          uniq_blork_the_orc
D:7:      layout_loops_ring, minitemple

Skill      XL: |  1  2  3  4  5 |
---------------+----------------+-----
Conjurations   | 5 6 |  6.8
Dodging        | 2 |  2.0
Spellcasting   | 3 |  3.1
Stealth        | |  1.7

Action                   |  1- 3 |  4- 6 || total
-------------------------+-------+-------++-------
Melee: Unarmed           |     3 |       ||     3
       Tailslap          |     2 |       ||     2
       Whip              |     8 |     4 ||    12
 Cast: Magic Dart        |    87 |    67 ||   154
       Searing Ray       |     2 |    13 ||    15
 Stab: Distracted        |       |     1 ||     1
Armor: Skin              |     8 |    26 ||    34
Dodge: Dodged            |    12 |    42 ||    54

Table legend: (Time is in decaauts)
 A = Elapsed time spent in this place.
 B = Non-inter-level travel time spent in this place.
 C = Inter-level travel time spent in this place.
 D = Time resting spent in this place.
 E = Time spent auto-exploring this place.
 F = Levels seen in this place.
 G = Mean time per level.
                   A        B        C        D        E       F      G
               +--------+--------+--------+--------+--------+-----+--------+
         Total |   4460 |   4380 |     80 |   1252 |   2472 |   7 |  637.1 |
       Dungeon |   4460 |   4380 |     80 |   1252 |   2472 |   7 |  637.1 |
               +--------+--------+--------+--------+--------+-----+--------+

Top non-repeatable levels by time:
     D:1: 1803 daAuts
     D:2: 1137 daAuts
     D:4: 508 daAuts
     D:3: 346 daAuts
     D:7: 330 daAuts
     D:6: 194 daAuts
     D:5: 139 daAuts
